 Dungeon Crawl Stone Soup version 0.24.1-11-gbbbb2193e6 (webtiles) character file.

Game seed: 8965289497065246595, levelgen mode: deterministic

1185 Hugehornet the Changer (level 8, -2/57 HPs)
             Began as an Octopode Transmuter on May 10, 2020.
             Was an Initiate of Cheibriados.
             Slain by a killer bee (8 damage)
             ... on level 7 of the Dungeon.
             The game lasted 00:14:04 (7748 turns).

Hugehornet the Changer (Octopode Transmuter)        Turns: 7748, Time: 00:14:05

Health: -2/57      AC:  8    Str: 13    XL:     8   Next: 42%
Magic:  12/14      EV: 15    Int: 21    God:    Cheibriados [......]
Gold:   138        SH:  0    Dex: 18    Spells: 0/15 levels left

rFire    x . .     SeeInvis .     - Unarmed
rCold    + + +     Gourm    .   (shield currently unavailable)
rNeg     . . .     Faith    .   (helmet currently unavailable)
rPois    +         Spirit   .   (no amulet)
rElec    .         Reflect  .   y - +2 ring of protection
rCorr    .         Harm     .   (no ring)
MR       .....                  (no ring)
Stlth    +++.......             (no ring)
HPRegen  0.19/turn              (no ring)
MPRegen  0.14/turn              (no ring)
                                (no ring)
                                (no ring)

@: mighty, agile, lethally poisoned (-2 -> -5), ice-form, very slow
A: large, almost no armour, stealthy swim, amphibious, 8 rings, (constrict 8),
clever 1, weak 1
a: End Transformation, Bend Time, Renounce Religion


You were on level 7 of the Dungeon.
You worshipped Cheibriados.
Cheibriados was noncommittal.
You were hungry.
You were a creature of crystalline ice.
You visited 1 branch of the dungeon, and saw 7 of its levels.

You collected 408 gold pieces.
You spent 270 gold pieces at shops.

Inventory:

Missiles
 a - 43 arrows
Jewellery
 y - a +2 ring of protection (left front paw)
Wands
 b - a wand of disintegration (11)
 h - a wand of iceblast (12)
 r - a wand of random effects (5)
 u - a wand of flame (31)
Scrolls
 d - 4 scrolls of teleportation
 g - 2 scrolls of enchant armour
 k - a scroll of identify
 l - 2 scrolls of magic mapping {unknown}
 o - 2 scrolls of blinking {unknown}
 p - a scroll of noise {unknown}
 q - 2 scrolls of remove curse
 s - a scroll of fear {unknown}
 v - a scroll of fog
 w - a scroll of immolation
 x - a scroll of holy word {unknown}
Potions
 e - 4 potions of lignification
 f - a potion of haste
 i - a potion of invisibility
 j - 5 potions of curing
 m - 3 potions of brilliance
 t - a potion of might
Comestibles
 c - 8 rations


   Skills:
 - Level 1.0 Fighting
 - Level 2.0 Dodging
 + Level 5.0 Unarmed Combat
 + Level 4.4 Spellcasting
 * Level 5.5 Transmutations
 * Level 4.2 Ice Magic
 - Level 3.9 Poison Magic


You couldn't memorise any spells.
You knew the following spells:

 Your Spells              Type           Power        Failure   Level  Hunger
a - Beastly Appendage     Tmut           ####..       1%          1    None
b - Sticks to Snakes      Tmut           ####....     1%          2    #......
c - Spider Form           Tmut/Pois      ###.......   4%          3    ##.....
d - Ice Form              Ice/Tmut       ####....     16%         4    ####...
e - Blade Hands           Tmut           ####......   32%         5    ######.

Your spell library contained the following spells:

 Spells                   Type           Power        Failure   Level  Hunger


Dungeon Overview and Level Annotations

Branches:
Dungeon (7/15)             Temple (0/1) D:6

Altars:
Cheibriados
Dithmenos
Fedhas
Nemelex Xobeh
Okawaru
Ru
Sif Muna
Vehumet
The Shining One

Shops:
D:5 ?   D:6 %

Annotations:
D:6 3 runed translucent doors, orehx's ghost, novice MiMo


Innate Abilities, Weirdness & Mutations

You cannot wear most types of armour.
You are very stealthy in the water. (Stealth+)
You are amphibious.
You can wear up to eight rings at the same time.
((You can use your tentacles to constrict eight enemies at once.))
((Your skin changes colour to match your surroundings (Stealth+).))
((Your rubbery body absorbs attacks. (AC +1, EV +1)))
Your mind is acute. (Int +2)
((Your flesh is cold resistant. (rC+)))
You are weak. (Str -2)


Message History

The killer bee misses you. The killer bee closely misses you.
The killer bee stings you.
* * * LOW HITPOINT WARNING * * *
You feel better. The killer bee barely misses you. The killer bee stings you!
* * * LOW HITPOINT WARNING * * *
The killer bee stings you but does no damage.
The killer bee barely misses you.
You closely miss the killer bee.
The killer bee is severely wounded.
The killer bee stings you.
* * * LOW HITPOINT WARNING * * *
The killer bee stings you.
* * * LOW HITPOINT WARNING * * *
You are poisoned.
The killer bee poisons you! The killer bee closely misses you.
An orc comes into view. It is wielding a +0 hand axe.
You barely miss the killer bee.
The killer bee is severely wounded.
You feel sick. The killer bee stings you!
You die...

### #..............
!o.###..............
.....##.............
......#.............
....######....####
#..F#'..#....#
#?Ha##..'....#
#oyy..#....+
#?..#Y†.#....#
#...#####....# ....#
....## ...... ....+
5..[.# ....# [..##
...# ###


You could see a hippogriff, a bullfrog, a worker ant, 2 killer bees and 2 orcs.

Vanquished Creatures
  Sigmund (D:2)
  A sky beast (D:7)
  A hornet zombie (D:6)
  An ogre (D:4)
  A bullfrog (D:6)
  3 killer bees (D:7)
  A quasit (D:5)
  3 orc wizards
  3 iguanas
  A worker ant (D:6)
  2 worker ant zombies
  7 adders
  A howler monkey skeleton (D:4)
  An ooze (D:4)
  2 worms
  4 dart slugs
  6 leopard geckos
  11 orcs
  3 ball pythons (D:4)
  A bat skeleton (D:2)
  6 giant cockroaches
  8 goblins
  6 hobgoblins
  14 jackals
  A quokka (D:5)
  3 bats
  5 frilled lizards
  A jackal zombie (D:5)
  9 kobolds
  A quokka skeleton (D:4)
  6 rats
  A plant (D:4)
115 creatures vanquished.

Vanquished Creatures (collateral kills)
  A water moccasin (D:7)
  A phantom (D:5)
2 creatures vanquished.

Vanquished Creatures (others)
  A plant (D:4)
1 creature vanquished.

Grand Total: 118 creatures vanquished

Notes
Turn   | Place    | Note
-------+----------+-------------------------------------------
     0 | D:1      | Hugehornet the Octopode Transmuter began the quest for the
                  | Orb.
     0 | D:1      | Reached XP level 1. HP: 13/13 MP: 3/3
   111 | D:1      | Reached XP level 2. HP: 15/18 MP: 3/5
   233 | D:1      | Learned a level 2 spell: Sticks to Snakes
   518 | D:1      | Reached XP level 3. HP: 11/23 MP: 4/6
   523 | D:1      | Learned a level 3 spell: Spider Form
  1287 | D:2      | Reached skill level 1 in Poison Magic
  1410 | D:2      | Reached XP level 4. HP: 28/28 MP: 6/8
  1460 | D:2      | Noticed Sigmund
  1475 | D:2      | Killed Sigmund
  1475 | D:2      | Reached XP level 5. HP: 13/33 MP: 2/9
  1475 | D:2      | Reached XP level 6. HP: 15/38 MP: 2/10
  1481 | D:2      | Learned a level 4 spell: Ice Form
  1705 | D:2      | Found an iron altar of Okawaru.
  1735 | D:2      | Found a blossoming altar of Fedhas.
  1780 | D:2      | Found a faded altar of an unknown god.
  2693 | D:3      | Found a sparkling altar of Nemelex Xobeh.
  3349 | D:3      | Reached skill level 1 in Ice Magic
  4449 | D:4      | Reached XP level 7. HP: 43/43 MP: 9/12
  5314 | D:5      | Entered Level 5 of the Dungeon
  5607 | D:5      | Found a shadowy altar of Dithmenos.
  5619 | D:5      | Found Vaab's Magic Scroll Shoppe.
  5654 | D:5      | Bought a scroll of teleportation for 36 gold pieces
  5654 | D:5      | Bought a scroll of fog for 24 gold pieces
  5654 | D:5      | Bought a scroll of identify for 24 gold pieces
  5654 | D:5      | Bought a scroll of teleportation for 36 gold pieces
  5654 | D:5      | Bought a scroll of remove curse for 36 gold pieces
  5654 | D:5      | Bought a scroll of identify for 24 gold pieces
  5654 | D:5      | Bought a scroll of identify for 24 gold pieces
  5654 | D:5      | Bought a scroll of immolation for 42 gold pieces
  5654 | D:5      | Bought a scroll of identify for 24 gold pieces
  5666 | D:5      | Gained mutation: Your system is resistant to poisons.
                  | (rPois) [potion of mutation]
  5666 | D:5      | Gained mutation: You are resistant to hostile enchantments.
                  | (MR+) [potion of mutation]
  5667 | D:5      | Lost mutation: You are resistant to hostile enchantments.
                  | (MR+) [potion of mutation]
  5667 | D:5      | Lost mutation: Your system is resistant to poisons. (rPois)
                  | [potion of mutation]
  5667 | D:5      | Gained mutation: Your flesh is cold resistant. (rC+)
                  | [potion of mutation]
  5667 | D:5      | Gained mutation: You are weak. (Str -2) [potion of
                  | mutation]
  5667 | D:5      | Gained mutation: Your mind is acute. (Int +2) [potion of
                  | mutation]
  5951 | D:5      | Found a sacrificial altar of Ru.
  6053 | D:5      | Found a shimmering blue altar of Sif Muna.
  6055 | D:5      | Found a glowing golden altar of the Shining One.
  6056 | D:5      | Found a radiant altar of Vehumet.
  6058 | D:5      | Found a snail-covered altar of Cheibriados.
  6061 | D:5      | Became a worshipper of Cheibriados the Contemplative
  6576 | D:6      | Reached XP level 8. HP: 24/48 MP: 14/14
  6583 | D:6      | Learned a level 5 spell: Blade Hands
  6743 | D:6      | Found a staircase to the Ecumenical Temple.
  6763 | D:6      | Found a runed translucent gate.
  6763 | D:6      | Found a runed translucent gate.
  6763 | D:6      | Found a runed translucent gate.
  6943 | D:6      | Reached skill level 5 in Transmutations
  7097 | D:6      | Found Raefaen's Food Emporium.
  7127 | D:6      | Noticed orehx's ghost (novice MiMo)
  7743 | D:7      | Noticed a hippogriff
  7744 | D:7      | Reached skill level 5 in Unarmed Combat
  7748 | D:7      | Slain by a killer bee

Levels and vault maps discovered:
D:1:      psy_arrival_heroes, layout_loops_ring
D:2:      layout_basic, marbit_many_paths, fedhas_altar_2,
          chequers_ecumenical_altar_simple, uniq_sigmund
D:3:      layout_basic, overflow_temple_1_default
D:4:      layout_basic, first_ration, saegor_snake_ambush
D:5:      layout_loops_corners, nicolae_dithmenos_the_darkroom, minitemple,
          nicolae_ru_awakened_eye, serial_shops, nicolae_shop_window_shopping
D:6:      layout_loops_ring, minmay_temple_entry_tees, gammafunk_ghost_icy,
          serial_shops, shop
D:7:      layout_gridville, grunt_potential, uniq_crazy_yiuf_cottage

Skill      XL: |  1  2  3  4  5  6  7  8 |
---------------+-------------------------+-----
Transmutations | 3 4 5 |  5.5
Poison Magic   | 1 3 |  3.9
Spellcasting   | 3 4 |  4.4
Unarmed Combat | 4 5 |  5.0
Ice Magic      | 1 3 4 |  4.2
Fighting       | |  1.0
Dodging        | |  2.0

Action                   |  1- 3 |  4- 6 |  7- 9 || total
-------------------------+-------+-------+-------++-------
Melee: Unarmed           |    64 |   144 |   146 ||   354
       Constrict         |    25 |    33 |    14 ||    72
       Kick              |    17 |    29 |    44 ||    90
       Tentacles         |     9 |    12 |    22 ||    43
       Punch             |       |     3 |     3 ||     6
 Cast: Beastly Appendage |    19 |    29 |    15 ||    63
       Spider Form       |       |     4 |     2 ||     6
       Sticks to Snakes  |       |       |    17 ||    17
       Ice Form          |       |       |     1 ||     1
  Use: Scroll            |       |       |    10 ||    10
       Potion            |       |       |     9 ||     9
 Stab: Sleeping          |     3 |     3 |     4 ||    10
       Distracted        |       |       |     1 ||     1
  Eat: Chunk             |     2 |     9 |     5 ||    16
       Ration            |       |       |     2 ||     2
Armor: Skin              |     5 |    17 |    15 ||    37
Dodge: Dodged            |    37 |    74 |    94 ||   205
